groovejumper, chaotic female human Monk ------------ #...........| -------------- #%|..........| |.....<......| ##+..........| |............| ..- |..........| ##.............| |{. ------|---.- # |............| | # # ### -----.-------- # # # # ### # ## # # ---|- #f# ### |...| @ # |...-### ## |...| + ----- groovejumper the Initiate Experience level: 8 Strength: 15 Dexterity: 15 Constitution: 15 Intelligence: 9 Wisdom: 11 Charisma: 13 Health: 0(57) Energy: 26(38) AC: 2 Gold: 0 Moves: 6060 Your Inventory: Weapons O - 7 [uncursed +0] shuriken (in quiver) P - 14 [uncursed +0] shuriken Armor a - an uncursed +2 pair of leather gloves (being worn) i - an uncursed +0 elven leather helm (being worn) r - an uncursed +0 pair of speed boots (being worn) H - an uncursed +1 robe (being worn) Potions U - an uncursed potion of healing Rings v - a blessed +1 ring of adornment and cold resistance (on right hand) Wands n - an uncursed wand called sleep [of sleep (0:4)] G - a blessed wand of lightning (0:4) Tools b - an [uncursed] bag [oilskin sack] B - an [uncursed] blindfold X - an [uncursed] key [skeleton key] Contents of the oilskin sack: 1075 gold pieces a [cursed fireproof +1] staff [of warning (quarterstaff)] 13 [uncursed] food rations an [uncursed] lizard corpse 2 [uncursed] scrolls called enchant weapon [of enchant weapon] a [cursed] scroll labeled ABRA KA DABRA [of create monster] an uncursed scroll of gold detection an uncursed scroll of light a cursed scroll of light an uncursed scroll of remove curse an uncursed scroll of taming a [cursed] dark blue spellbook [of stone to flesh] an [uncursed] spellbook of charm monster an uncursed spellbook of extra healing a blessed spellbook of sleep a [cursed] thick spellbook [of force bolt] a [cursed] cloudy potion [of speed] an [uncursed] dark potion [of extra healing] a [cursed] golden potion [of invisibility] 2 [uncursed] indigo potions [of blindness] a [cursed] magenta potion [of object detection] a [cursed] ochre potion [of fruit juice] 2 blessed potions called water [of holy water] 2 [cursed] potions called water [of unholy water] 2 uncursed potions of healing a cursed potion of see invisible an [uncursed] potion of see invisible an [uncursed] silver potion [of restore ability] a [cursed] sky blue potion [of monster detection] a blessed yellow potion [of hallucination] a [cursed] emerald ring [of stealth] an uncursed ring of invisibility an uncursed +1 ring of protection a [cursed] topaz ring [of sustain ability] an [uncursed] crusty wand [of polymorph (0:5)] an [uncursed] wand called sleep [of sleep (0:4)] an [uncursed] magic whistle Spells known in the end: Name Level Category Fail Memory a - sleep 1 enchantment 0% [||||||..] b - charm monster 3 enchantment 88% [||||||||] Your skills at the end: Fighting Skills martial arts [Skilled / Grand Master] Weapon Skills Spellcasting Skills healing spells [Basic / Expert] Final Attributes: You were piously aligned. Hunger level was 1139. Your alignment was 40 / 40. Monster difficulty range was 1 - 8. Level difficulty was 8. You were immune to cold. You were immune to sleep. You were immune to poison. You saw invisible. You were telepathic. You were warned. You were adorned. You were stealthy. You were very fast. Your luck was zero. You are dead. Vanquished creatures: a ghost 2 small mimics a large cat a tiger 2 wolves 4 winter wolf cubs 2 leprechauns an orc mummy 3 lizards a housecat a snake a rope golem a rock piercer a rock mole a yellow light a shrieker a gray ooze an elf zombie a little dog 2 floating eyes a kobold shaman 3 hill orcs 2 rothes a rabid rat 4 Kop Sergeants a monkey a dwarf zombie 2 wererats an iguana an acid blob a coyote a hobbit 2 manes a large kobold 4 hobgoblins 10 giant rats a cave spider a brown mold 2 red molds 4 Keystone Kops a gecko 7 jackals 4 foxes 2 kobolds 2 goblins 7 sewer rats 10 grid bugs 5 bats 7 lichens 7 kobold zombies 11 newts 136 creatures vanquished. Voluntary challenges: You pretended to be a vegetarian. You never hit with a wielded weapon. You read items or engraved 12 times. You put on armor 6 times. You never genocided any monsters. You never polymorphed an object. You never changed form. You used no wishes. You wrote Elbereth's name 1 time. You encountered 2 bones levels. You never used any Sokoban shortcuts. Dungeon overview: The Dungeons of Doom: levels 1 to 8 Level 1 an altar to Huan Ti a long staircase Level 2 an armor shop, an altar to Huan Ti, a sink Level 3 a general store, some fountains Level 4 a long staircase Level 5 a fountain, a sink Level 6 a weapon shop, a sink Level 7 a fountain Level 8 <- You were here a fountain History has recorded: On T:1 you entered the Dungeons of Doom to retrieve the Amulet of Yendor! On T:829 you advanced to experience level 2. On T:955 you reached level 2 of The Dungeons of Doom. On T:1267 you advanced to experience level 3. On T:2077 you advanced to experience level 4. On T:2413 you received a rustproof war hammer of searching from Huan Ti. On T:2635 you advanced to experience level 5. On T:3729 you advanced to experience level 6. On T:4380 you reached level 3 of The Dungeons of Doom. On T:4898 you advanced to experience level 7. On T:4905 you reached level 4 of The Dungeons of Doom. On T:5177 you reached level 5 of The Dungeons of Doom. On T:5338 you reached level 6 of The Dungeons of Doom. On T:5638 you advanced to experience level 8. On T:5699 you reached level 7 of The Dungeons of Doom. On T:5973 you reached level 8 of The Dungeons of Doom. Latest messages: [HP+1=28] [HP+1=29] [HP+1=30] The jaguar hits! (2x) The jaguar misses. The jaguar hits! The jaguar misses. The jaguar bites! [HP-14=16] The sleep ray hits the jaguar. You hit the jaguar! The jaguar hits! The jaguar misses. The jaguar bites! [HP-9=7] You hit the jaguar! The jaguar misses. The jaguar hits! The jaguar bites! You die... Final status: Punardarsanaya groovejumper the Monk... You died in The Dungeons of Doom on dungeon level 8 with 7840 points, and 1075 pieces of gold, after 6060 moves. You were level 8 with a maximum of 57 hit points when you died.